AoeStats
← JhordanST

Arabia

508584880Analyzed
1v1 RM · 9d ago on Sep 23, 2026· 32m 9s· 2 players
Game mode
Random Map
Map size
Tiny (2 player)
Population
200
Speed
Normal
Resources
Standard
Victory
Conquest
Starting age
Dark Age
Ending age
Imperial Age
RankedLock teamsTeams togetherTeam positionsShared explorationLock speedFull tech treeHidden civsTurbo modeCheats
Victory
Defeat
🇵🇪 Britons · Peru
948
+16
🇺🇸 Burgundians · United States
946
-16
megarando
5:54 Double-Bit Axe
7:43 Loom
8:34 Wheelbarrow
10:40 Feudal Age
10:02 Horse Collar
11:43 Bow Saw
25:03 Castle Age
26:34 Fletching
JhordanST
9:13 Feudal Age
9:07 Loom
19:38 Castle Age
18:42 Double-Bit Axe
20:00 Horse Collar
19:49 Crossbowman
21:39 Forging
22:16 Fletching
24:26 Bodkin Arrow
27:02 Iron Casting
26:49 Ballistics
Connection lost

Rejoining the realm…

Still unreachable

The connection could not be restored.

Session expired

The server has moved on; the page needs a fresh start.